 Dungeon Crawl Stone Soup version 0.21-a0-496-g696f58f (webtiles) character file.

6501 galech the Grappler (level 10, 0/96 HPs)
             Began as a Troll Monk on Nov 23, 2017.
             Was a High Priest of Okawaru.
             Slain by an orc knight
             ... wielding a +1 battleaxe
              (31 damage)
             ... on level 7 of the Dungeon.
             The game lasted 00:13:41 (7816 turns).

galech the Grappler (Troll Monk)                    Turns: 7816, Time: 00:13:42

Health: 0/96       AC:  7    Str: 29    XL:     10   Next: 69%
Magic:  7/9        EV: 16    Int:  6    God:    Okawaru [*****.]
Gold:   431        SH:  0    Dex: 12    Spells: 9/9 levels left

rFire    . . .     SeeInvis .     - Unarmed
rCold    . . .     Gourm    +   (no shield)
rNeg     . . .     Faith    .   a - +0 robe
rPois    .         Spirit   .   (helmet restricted)
rElec    .         Reflect  .   M - +1 cloak {MR+}
rCorr    .         Harm     .   (gloves unavailable)
MR       ++...                  (boots unavailable)
Stlth    ++++......             (no amulet)
HPRegen  0.66/turn              N - ring of protection from magic
MPRegen  0.11/turn              H - +5 ring of strength

@: heroism
A: large, unfitting armour, claws 3, fast metabolism 3, gourmand, regeneration
1, shaggy fur 1, tough skin 2
a: Heroism, Finesse, Renounce Religion


You were on level 7 of the Dungeon.
You worshipped Okawaru.
Okawaru was extremely pleased with you.
You were completely stuffed.

You visited 2 branches of the dungeon, and saw 9 of its levels.
You also visited: Sewer and Ossuary.

You collected 431 gold pieces.

Inventory:

Armour
 a - a +0 robe (worn)
 y - a scarf of repulsion
 M - a +1 cloak of magic resistance (worn)
Jewellery
 n - an uncursed ring of see invisible
 H - a +5 ring of strength (right claw)
 K - an uncursed ring of magical power
 N - a ring of protection from magic (left claw)
Wands
 q - a wand of random effects (61)
 t - a wand of scattershot (4)
 u - a wand of polymorph (26)
 E - a wand of flame (30)
 F - a wand of clouds (5)
Scrolls
 c - 4 scrolls of enchant armour
 d - 8 scrolls of identify {unknown}
 g - 2 scrolls of enchant weapon {unknown}
 h - a scroll of random uselessness {unknown}
 l - a scroll of fear {unknown}
 o - a scroll of blinking {unknown}
 w - 3 scrolls of immolation {unknown}
 x - a scroll of holy word {unknown}
 C - a scroll of remove curse {unknown}
 D - 3 scrolls of teleportation {unknown}
 I - a scroll of vulnerability {unknown}
Potions
 i - 6 potions of agility
 k - 2 potions of mutation {unknown}
 m - 2 potions of invisibility {unknown}
 p - 2 potions of might {unknown}
 r - 3 potions of ambrosia {unknown}
 s - 5 potions of heal wounds {unknown}
 z - 3 potions of haste {unknown}
 A - 2 potions of magic {unknown}
Books
 B - a Young Poisoner's Handbook

   Spells                             Type                      Level
   a - Sting                          Conjuration/Poison           1
   b - Poisonous Vapours              Poison/Air                   2
   c - Mephitic Cloud                 Conjuration/Poison/Air       3
   d - Olgreb's Toxic Radiance        Poison                       4
   e - Venom Bolt                     Conjuration/Poison           5
 J - a book of Frost

   Spells                             Type                      Level
   a - Freeze                         Ice                          1
   b - Throw Frost                    Conjuration/Ice              2
   c - Ozocubu's Armour               Charms/Ice                   3
   d - Throw Icicle                   Conjuration/Ice              4
   e - Summon Ice Beast               Ice/Summoning                4
 L - a book of Conjurations

   Spells                             Type                      Level
   a - Magic Dart                     Conjuration                  1
   b - Searing Ray                    Conjuration                  2
   c - Dazzling Spray                 Conjuration/Hexes            3
   d - Fulminant Prism                Conjuration/Hexes            4
   e - Force Lance                    Conjuration/Translocation    4
   f - Iskenderun's Mystic Blast      Conjuration                  4
Comestibles
 b - 5 bread rations
 f - 5 royal jellies
 j - 4 meat rations
 v - 4 fruits
 G - 15 chunks of flesh


   Skills:
 + Level 5.1(10.1) Fighting
 + Level 6.4(11.4) Dodging
 + Level 3.6(8.6) Stealth
 + Level 12.5(17.5) Unarmed Combat
 + Level 0.3 Invocations


You had 9 spell levels left.
You didn't know any spells.

Dungeon Overview and Level Annotations

Branches:
Dungeon (8/15)             Temple (1/1) D:5
   Lair: D:8-11

Altars:
Ashenzari
Cheibriados
Dithmenos
Elyvilon
Fedhas
Gozag
Hepliaklqana
Nemelex Xobeh
Okawaru
Ru
Sif Muna
Trog
Uskayaw
Xom
Zin
The Shining One

Shops:
D:4 (%*}


Innate Abilities, Weirdness & Mutations

You are too large for most types of armour.
You have claws for hands.
Your metabolism is lightning-fast.
You like to eat raw meat.
Your natural rate of healing is unusually fast.
You are covered in fur. (AC +1)
You have very tough skin. (AC +2)


Message History

You eviscerate the orc!!!
You kill the orc!
The orc knight completely misses you.
You eviscerate the orc!!!
You kill the orc!
Okawaru accepts your kill.
The orc knight hits you with an enchanted battleaxe!!
Things that are here:
a hand axe; an orc corpse You closely miss the orc knight.
Your claw misses the orc knight. The orc knight closely misses you.
You closely miss the orc knight. Your claw misses the orc knight.
The orc knight closely misses you.
You eviscerate the orc knight!!!
The orc knight is severely wounded.
The orc knight closely misses you.
You scratch the orc knight but do no damage.
The orc knight is severely wounded.
The orc knight hits you with an enchanted battleaxe!!
You die...

##+############.#
#......
#.##.).......#.#
###.###
#.##.#######.#.# #.# #
##.##.# #>#.# #.###
##..(#.#######.#.#
#....
##................#
#####
####.....#.#######.###
# ........##.#######.#
# ####...###...ooo@o.#
# ##### ########### #
#


You could see 2 orc knights, an orc warrior and an orc.

Vanquished Creatures
  A two-headed ogre (D:8)
  The ghost of torrenera the Carver, a novice DsFi of Qazlal (D:8)
  Maurice (D:8)
  The ghost of toffzen the Digger, a novice GrEE of Vehumet (D:5)
  Prince Ribbit (D:7)
  A hornet (D:7)
  Sigmund (D:4)
  Eustachio (D:4)
  A hungry ghost (D:7)
  The ghost of noon the Charmwright, an amateur BaSk of Kikubaaqudgha (D:3)
  10 wargs (D:8)
  2 black bears
  2 orc warriors (D:7)
  2 ogres
  A phantom (D:7)
  A big kobold (D:8)
  3 bullfrogs
  3 elf zombies (Ossuary)
  2 scorpions (D:8)
  4 howler monkeys (D:8)
  2 bullfrog zombies (D:5)
  2 crimson imps
  A centaur zombie (Ossuary)
  A jelly (D:5)
  3 hounds
  A bullfrog skeleton (D:7)
  A human zombie (Ossuary)
  6 orc priests
  8 orc wizards
  Ijyb (D:4)
  An iguana (D:7)
  3 worker ants
  A killer bee zombie (D:2)
  A hound zombie (D:7)
  2 mummies (Ossuary)
  A howler monkey skeleton (D:5)
  8 adders
  6 river rats (Sewer)
  3 adder zombies (Ossuary)
  An adder skeleton (D:8)
  2 dart slugs (D:4)
  5 leopard geckos
  42 orcs
  5 ball pythons
  10 giant cockroaches
  3 goblins
  4 hobgoblins
  9 jackals
  6 quokkas
  5 bats
  11 frilled lizards
  A goblin zombie (Ossuary)
  13 hobgoblin zombies (Ossuary)
  14 kobolds
  7 kobold zombies (Ossuary)
  A leopard gecko zombie (D:7)
  7 orc zombies (Ossuary)
  10 rats
  A rat zombie (Ossuary)
249 creatures vanquished.

Notes
Turn   | Place    | Note
-------+----------+-------------------------------------------
     0 | D:1      | galech the Troll Monk began the quest for the Orb.
     0 | D:1      | Reached XP level 1. HP: 22/22 MP: 0/0
   129 | D:1      | Reached XP level 2. HP: 18/29 MP: 1/1
   678 | D:2      | Reached XP level 3. HP: 36/36 MP: 2/2
   925 | D:2      | HP: 1/36 [killer bee zombie (6)]
   957 | D:2      | Reached XP level 4. HP: 7/45 MP: 3/3
  1001 | D:2      | Found an opulent altar of Gozag.
  1041 | D:2      | Found a deep blue altar of Sif Muna.
  1272 | D:2      | Found a shimmering altar of Xom.
  1301 | D:3      | Noticed noon's ghost (amateur BaSk)
  1343 | D:3      | Killed noon's ghost
  1343 | D:3      | Reached skill level 4 in Unarmed Combat
  1343 | D:3      | Reached XP level 5. HP: 15/53 MP: 4/4
  1408 | D:3      | Found a shattered altar of Ashenzari.
  1495 | D:3      | Reached skill level 5 in Unarmed Combat
  1503 | D:3      | Reached XP level 6. HP: 57/61 MP: 5/5
  2097 | D:4      | Found Fiudgh Ones's Gadget Emporium.
  2106 | D:4      | Noticed Eustachio
  2121 | D:4      | Killed Eustachio
  2121 | D:4      | Reached skill level 6 in Unarmed Combat
  2121 | D:4      | Reached XP level 7. HP: 38/67 MP: 6/6
  2194 | D:4      | Noticed Ijyb
  2202 | D:4      | Killed Ijyb
  2285 | D:4      | Noticed Sigmund
  2298 | D:4      | Killed Sigmund
  2376 | D:4      | Reached skill level 7 in Unarmed Combat
  2510 | D:4      | Found Bopom's Assorted Antiques.
  2515 | D:4      | Found Rucunyu's Weapon Emporium.
  2519 | D:4      | Found Epainat's Food Emporium.
  2677 | D:4      | Found a blossoming altar of Fedhas.
  2809 | D:5      | Entered Level 5 of the Dungeon
  2832 | D:5      | Reached XP level 8. HP: 72/78 MP: 7/7
  3118 | D:5      | Found a staircase to the Ecumenical Temple.
  3185 | D:5      | Found a glowing drain.
  3193 | Sewer    | Entered a sewer
  3615 | Temple   | Entered the Ecumenical Temple
  3676 | Temple   | Became a worshipper of Warmaster Okawaru
  3676 | Temple   | Reached * piety under Okawaru
  3676 | Temple   | Reached ** piety under Okawaru
  3762 | D:5      | Reached skill level 8 in Unarmed Combat
  3972 | D:5      | Noticed toffzen's ghost (novice GrEE)
  3978 | D:5      | Killed toffzen's ghost
  4519 | D:6      | Found a white marble altar of Elyvilon.
  4675 | D:6      | Reached skill level 5 in Dodging
  5335 | D:7      | Found a shimmering altar of Xom.
  5345 | D:7      | Reached skill level 9 in Unarmed Combat
  5521 | D:7      | Reached XP level 9. HP: 48/84 MP: 8/8
  5534 | D:7      | Found a sand-covered staircase.
  5545 | Ossuary  | Entered an ossuary
  5700 | Ossuary  | Reached *** piety under Okawaru
  5990 | D:7      | Reached skill level 10 in Unarmed Combat
  5993 | D:7      | Received a gift from Okawaru
  6760 | D:8      | Reached skill level 11 in Unarmed Combat
  6787 | D:8      | Noticed a two-headed ogre
  6796 | D:8      | Killed a two-headed ogre
  6796 | D:8      | Reached **** piety under Okawaru
  6796 | D:8      | Reached XP level 10. HP: 38/94 MP: 9/9
  6992 | D:8      | Noticed torrenera's ghost (novice DsFi)
  7129 | D:8      | Noticed Maurice
  7136 | D:8      | Reached ***** piety under Okawaru
  7140 | D:8      | Killed Maurice
  7193 | D:8      | Killed torrenera's ghost
  7193 | D:8      | Reached skill level 12 in Unarmed Combat
  7396 | D:8      | Reached skill level 5 in Fighting
  7467 | D:8      | Found a sparkling altar of Nemelex Xobeh.
  7590 | D:8      | Received a gift from Okawaru
  7757 | D:8      | Noticed an orc knight
  7757 | D:8      | Noticed an orc knight
  7757 | D:8      | Noticed Prince Ribbit
  7788 | D:7      | Killed Prince Ribbit
  7797 | D:8      | HP: 3/96 [orc warrior/hand axe of freezing (4)]
  7816 | D:7      | Slain by an orc knight

Vault maps used:
D:1:      minmay_arrival_stair_chambers
D:2:      overflow_temple_1_default, led_sif_pool, xom_teletrap_fun
D:3:      cheibrodos_pilgrimage, ashenzari_conservatory_becter
D:4:      fedhas_altar_fruit_tree, first_bread, minmay_shop_grid_forest,
          uniq_eustachio, uniq_sigmund, uniq_ijyb
D:5:      temple_doors_cd, gup_sewer_entry_pipe
D:6:      basic_altar
D:7:      lemuel_round_altar, lightli_ossuary_entry_decrepit_ruins
D:8:      lemuel_castle_with_subvaults, nemelex_altar_shiori, uniq_maurice,
          uniq_prince_ribbit1
Temple:   eino_temple_scatter_basement
Sewer:    sewer_co_cracked_pipes
Ossuary:  ossuary_tomb_1

Skill      XL: |  1  2  3  4  5  6  7  8  9 10 |
---------------+-------------------------------+-----
Dodging        | 3 4 5 6 |  6.4
Fighting       | 3 4 5 |  5.1
Unarmed Combat | 4 5 6 7 9 11 12 | 12.5
Stealth        | 2 3 |  3.6
Invocations    | |  0.3

Action                   |  1- 3 |  4- 6 |  7- 9 | 10-12 || total
-------------------------+-------+-------+-------+-------++-------
Melee: Unarmed           |    74 |   150 |   380 |   103 ||   707
       Punch             |     1 |     2 |    13 |    10 ||    26
Invok: Heroism           |       |       |       |     4 ||     4
  Use: Potion            |       |       |       |     9 ||     9
       Scroll            |       |       |       |     1 ||     1
 Stab: Sleeping          |       |       |    10 |     2 ||    12
       Distracted        |       |       |     1 |       ||     1
  Eat: Chunk             |    12 |    11 |    48 |     9 ||    80
Armor: Robe              |    34 |    53 |    55 |    23 ||   165
Dodge: Dodged            |    64 |   104 |   155 |    78 ||   401
       Deflected         |       |       |     2 |     2 ||     4

Table legend:
 A = Spawn XP
 B = Non-spawn XP
 C = Spawn XP percentage of total XP
 D = Spawn monster count
 E = Non-spawn monster count
 F = Spawn count percentage of total count
 G = Total turns spent on level
                    A         B        C        D         E        F      G
               +---------+---------+-------+---------+---------+-------+---------
         Total |       0 |    9288 |   0.0 |       0 |     249 |   0.0 |  7816
               +---------+---------+-------+---------+---------+-------+---------
           D:1 |       0 |      23 |   0.0 |       0 |      15 |   0.0 |   619
           D:2 |       0 |     113 |   0.0 |       0 |      22 |   0.0 |   811
           D:3 |       0 |     399 |   0.0 |       0 |      29 |   0.0 |   648
           D:4 |       0 |     812 |   0.0 |       0 |      20 |   0.0 |   731
           D:5 |       0 |     742 |   0.0 |       0 |      19 |   0.0 |  1178
           D:6 |       0 |     272 |   0.0 |       0 |       5 |   0.0 |   969
           D:7 |       0 |    1790 |   0.0 |       0 |      34 |   0.0 |  1023
           D:8 |       0 |    4591 |   0.0 |       0 |      46 |   0.0 |  1149
         Sewer |       0 |      95 |   0.0 |       0 |      20 |   0.0 |   296
       Ossuary |       0 |     451 |   0.0 |       0 |      39 |   0.0 |   317
               +---------+---------+-------+---------+---------+-------+---------
